Map: New Repugnancy LE

Players

Samwise - Winner!

  • Race: Protoss Protoss
  • League: Platinum
  • Spawn Location: 7:00

A.I. 1 (Elite)

  • Race: Zerg Zerg
  • Spawn Location: 1:00

VOD

Have the link to the VOD?

Description

Time

  • Played on: Aug. 28, 2019, 10:11 p.m.
  • Length: 13:43
Show
View Real Time Build Order
Export as new Build Order

Samwise Protoss - Winner!

Build Orders: Oracle Opening 

Get SALT Encoding   

  12  0:01  Probe  
  13  0:13  Probe  
  14  0:19  Pylon  
  14  0:25  Probe  
  15  0:37  Probe  
  16  0:47  Probe  
  16  0:48  Gateway  
  17  0:52  Assimilator  
  17  0:55  Probe  
  18  1:04  Probe  
  19  1:16  Probe  
  20  1:23  Forge  
  20  1:39  Cybernetics Core  
  20  1:45  Zealot  
  22  1:57  Pylon  
  22  2:03  Nexus  
  22  2:09  Probe  
  22  2:12  Assimilator  
  23  2:30  Probe  
  23  2:35  Photon Cannon  
  24  2:42  Probe  
  25  2:51  Stargate  
  25  2:54  Probe  
  26  3:13  Pylon  
  26  3:14  Protoss Air Weapons Level 1  
  26  3:15  Probe x2  
  26  3:16  Pylon  
  28  3:24  Assimilator  
  28  3:25  Stalker  
  28  3:26  Probe  
  30  3:27  Probe  
  32  3:34  Probe  
  32  3:38  Oracle  
  32  3:39  Probe  
  37  3:42  Probe  
  38  3:51  Probe  
  38  3:55  Probe  
  40  4:03  Probe  
  40  4:07  Probe  
  42  4:15  Probe  
  42  4:16  Void Ray  
  41  4:22  Stalker  
  44  4:49  Stargate  
  44  4:51  Photon Cannon  
  44  4:52  Photon Cannon  
  44  4:59  Void Ray  
  46  5:27  Fleet Beacon  
  46  5:33  Shield Battery  
  46  5:46  Pylon  
  46  5:51  Nexus  
  46  5:54  Assimilator  
  46  6:14  Gateway  
  46  6:16  Forge  
  46  6:39  Pylon  
  46  6:41  Pylon  
  46  6:50  Probe  
  47  6:57  Photon Cannon, Oracle  
  47  6:59  Carrier  
  56  7:03  Probe  
  56  7:05  Cybernetics Core  
  56  7:07  Probe  
  58  7:15  Probe  
  56  7:34  Void Ray  
  60  7:38  Pylon  
  60  7:41  Pylon  
  60  7:51  Protoss Air Weapons Level 2  
  60  7:55  Probe x2  
  62  8:03  Void Ray  
  66  8:08  Probe x2  
  68  8:25  Void Ray  
  72  8:28  Nexus  
  72  8:30  Pylon  
  72  8:50  Photon Cannon  
  72  8:51  Photon Cannon  
  72  8:53  Pylon  
  72  8:54  Shield Battery  
  76  9:07  Mothership  
  76  9:15  Void Ray  
  76  9:16  Carrier  
  82  9:30  Pylon  
  90  9:36  Probe  
  91  9:48  Probe  
  91  9:49  Assimilator  
  91  9:51  Probe  
  93  9:58  Carrier  
  99  10:00  Probe  
  99  10:03  Probe  
  101  10:12  Probe  
  99  10:22  Carrier  
  104  10:31  Protoss Air Weapons Level 3  
  104  10:49  Probe x2  
  106  10:56  Nexus  
  106  11:02  Void Ray  
  110  11:26  Void Ray  
  114  11:45  Carrier  
  120  12:09  Void Ray  
  120  12:12  Stargate  
  124  12:17  Pylon  
  124  12:18  Probe x4  
  124  12:20  Pylon  
  128  12:23  Assimilator  
  128  12:30  Probe  
  128  12:32  Nexus  
  128  12:34  Pylon  
  128  12:36  Assimilator  
  129  12:49  Void Ray  
Show
View Real Time Build Order
Export as new Build Order

A.I. 1 (Elite) Zerg 

Build Orders: Pool First 

Get SALT Encoding   

  12  0:00  Drone  
  13  0:12  Overlord  
  13  0:16  Drone  
  14  0:30  Drone  
  15  0:40  Spawning Pool  
  15  0:41  Drone  
  15  0:45  Drone  
  16  0:50  Drone  
  16  0:53  Extractor  
  16  0:55  Drone  
  17  1:06  Drone  
  18  1:17  Drone  
  19  1:29  Queen  
  19  1:30  Zergling x2  
  19  1:31  Roach Warren  
  21  1:38  Overlord  
  21  1:49  Drone  
  22  1:59  Overlord  
  22  2:11  Roach  
  24  2:21  Roach  
  26  2:29  Hatchery  
  25  2:32  Roach  
  25  2:36  Roach  
  29  2:38  Roach  
  29  2:42  Drone  
  32  2:48  Roach  
  34  2:56  Overlord  
  36  3:05  Roach  
  36  3:08  Roach  
  38  3:14  Roach  
  38  3:16  Roach  
  42  3:21  Roach  
  44  3:28  Roach  
  46  3:40  Overlord  
  46  3:41  Roach  
  48  3:44  Roach  
  50  3:49  Zergling x2  
  51  4:08  Lair  
  50  4:18  Zergling x2  
  50  4:21  Extractor  
  50  4:24  Extractor  
  45  4:25  Drone  
  45  4:28  Drone  
  45  4:32  Drone  
  45  4:35  Drone  
  47  4:38  Drone  
  47  4:42  Drone  
  49  4:45  Drone  
  49  4:49  Drone  
  51  4:53  Drone  
  51  4:59  Overlord  
  52  5:03  Drone  
  52  5:06  Drone  
  50  5:08  Hydralisk Den  
  50  5:09  Drone  
  50  5:13  Drone  
  47  5:16  Drone  
  47  5:19  Drone  
  45  5:22  Drone  
  45  5:25  Drone  
  45  5:28  Zergling x2  
  45  5:31  Drone  
  45  5:33  Drone  
  46  5:36  Zergling x2  
  46  5:42  Drone  
  46  5:46  Hydralisk  
  46  5:47  Drone, Roach  
  46  5:49  Roach  
  51  5:54  Roach  
  51  5:57  Roach  
  51  6:04  Hydralisk  
  51  6:07  Hydralisk  
  55  6:14  Hydralisk  
  55  6:17  Hydralisk  
  55  6:18  Overlord, Drone, Roach  
  62  6:27  Drone  
  62  6:29  Drone  
  64  6:38  Drone  
  64  6:39  Drone  
  66  6:47  Evolution Chamber, Ravager  
  66  6:48  Drone  
  66  6:50  Drone, Roach, Hydralisk  
  66  6:53  Overlord  
  72  6:55  Hatchery  
  71  7:05  Drone  
  71  7:07  Drone  
  73  7:11  Drone, Overseer  
  73  7:13  Drone  
  73  7:14  Zerg Missile Weapons Level 1  
  75  7:21  Overlord  
  75  7:22  Drone x2, Roach  
  79  7:24  Drone  
  76  7:32  Ravager  
  76  7:33  Drone x2  
  76  7:34  Evolution Chamber  
  78  7:44  Drone x2  
  80  7:53  Pneumatized Carapace  
  80  7:54  Drone  
  80  7:55  Burrow, Roach  
  80  7:56  Spine Crawler  
  82  7:59  Zerg Ground Armor Level 1  
  82  8:00  Overlord, Drone, Roach  
  87  8:05  Roach  
  87  8:06  Roach  
  87  8:07  Drone  
  90  8:14  Glial Reconstitution  
  90  8:16  Drone  
  90  8:17  Drone x2  
  93  8:26  Overlord  
  93  8:28  Drone, Hydralisk  
  93  8:29  Infestation Pit, Drone, Roach  
  98  8:37  Drone  
  98  8:38  Drone  
  98  8:40  Drone  
  96  8:43  Spine Crawler  
  96  8:45  Queen  
  96  8:48  Drone  
  98  8:49  Drone  
  98  8:50  Overlord  
  98  8:55  Queen  
  101  8:57  Drone, Hydralisk  
  101  8:58  Lurker Den, Roach  
  101  9:01  Drone  
  101  9:02  Drone  
  107  9:03  Drone  
  107  9:09  Overlord, Overseer  
  108  9:10  Drone  
  108  9:13  Drone  
  110  9:20  Infestor  
  110  9:21  Extractor  
  110  9:22  Drone  
  110  9:23  Extractor  
  110  9:24  Drone  
  112  9:25  Spore Crawler  
  112  9:28  Spore Crawler, Overlord  
  112  9:29  Drone x2  
  112  9:31  Spire, Drone  
  112  9:32  Drone  
  112  9:35  Drone  
  114  9:42  Drone  
  114  9:43  Drone  
  116  9:46  Drone, Extractor  
  116  9:52  Overlord  
  116  9:53  Drone  
  116  9:57  Drone x2, Infestor  
  121  10:01  Drone  
  121  10:02  Drone x2  
  121  10:03  Drone  
  121  10:05  Drone, Zerg Missile Weapons Level 2  
  126  10:10  Drone  
  126  10:13  Overlord  
  126  10:16  Drone  
  126  10:17  Spine Crawler  
  126  10:19  Zerg Ground Armor Level 2, Drone  
  126  10:21  Spine Crawler  
  126  10:25  Roach, Hydralisk  
  126  10:26  Drone, Hatchery  
  126  10:27  Drone  
  131  10:29  Drone  
  131  10:30  Drone  
  131  10:31  Drone  
  131  10:33  Hydralisk  
  131  10:35  Hydralisk  
  114  10:38  Hydralisk  
  114  10:40  Zergling x2  
  114  10:41  Roach  
  114  10:42  Mutalisk  
  110  10:43  Roach  
  110  10:44  Roach  
  110  10:47  Roach  
  118  10:51  Hydralisk  
  118  10:53  Hydralisk  
  118  10:54  Mutalisk  
  124  10:57  Roach  
  124  10:59  Hydralisk  
  124  11:00  Overlord, Mutalisk  
  124  11:01  Lurker  
  124  11:02  Hydralisk  
  131  11:09  Mutalisk  
  133  11:15  Mutalisk  
  135  11:20  Hydralisk  
  135  11:21  Hydralisk  
  135  11:23  Zergling x2, Roach  
  131  11:26  Hydralisk  
  131  11:28  Roach  
  129  11:33  Mutalisk  
  129  11:38  Overlord  
  131  11:40  Overseer  
  131  11:43  Mutalisk  
  131  11:46  Hydralisk  
  128  11:48  Roach  
  128  11:51  Hydralisk  
  124  11:55  Hydralisk  
  124  11:58  Overseer  
  124  12:00  Hydralisk  
  115  12:03  Zergling x2, Roach  
  115  12:07  Hydralisk  
  111  12:09  Roach  
  104  12:16  Roach  
  104  12:17  Hydralisk  
  104  12:20  Hatchery  
  100  12:23  Zergling x2  
  100  12:25  Overseer  
  100  12:28  Roach  
  100  12:29  Drone  
  95  12:30  Roach  
  95  12:33  Roach  
  95  12:36  Roach  
  95  12:38  Roach  
  95  12:42  Overseer  
  95  12:43  Drone x3  
  88  12:46  Drone x2  
  88  12:48  Hydralisk  
  88  12:50  Drone  
  88  12:51  Extractor, Hatchery  
  89  12:52  Drone x4  
  89  12:53  Drone x3  
  89  12:56  Hydralisk  
  91  12:59  Overlord  
  84  13:06  Hatchery  
  73  13:13  Drone  
  73  13:14  Drone  
  73  13:15  Drone  
  73  13:16  Drone  
  73  13:18  Drone  
  71  13:22  Hatchery  
Tags
 
Add a new tag
Caveats
  • Supply blocks, unpowered buildings, or Contaminate may cause inaccurate times.
  • Supply counts are checked every 10 seconds.